 Dungeon Crawl Stone Soup version 0.27.1-37-g7b29ead8ac (console) character file.

Game seed: 15613824254170385391

300351 grimtooth the Eviscerator (level 20, -6/105 HPs)
             Began as a Felid Berserker on June 5, 2023.
             Was a High Priest of Trog.
             Shot with a bolt by a yaktaur captain (40 damage)
             ... on level 5 of the Vaults on June 9, 2023.
             The game lasted 06:52:49 (74703 turns).

grimtooth the Eviscerator (Felid Berserker)        Turns: 74703, Time: 06:52:50

Health: -6/105     AC:  3    Str: 30    XL:     20   Next: 17%
Magic:  21/21      EV: 37    Int:  9    God:    Trog [*****.]
Gold:   541        SH:  0    Dex: 22    Spells: 19/19 levels left
                                        Lives:  0   Deaths: 4

rFire    + . .     SeeInvis +     - Unarmed
rCold    + . .     Faith    +   (shield unavailable)
rNeg     + . .     Spirit   .   (armour unavailable)
rPois    +         Reflect  .   (helmet unavailable)
rElec    +         Harm     .   (cloak unavailable)
rCorr    +         Rampage  .   (gloves unavailable)
Will     +++..                  (boots unavailable)
Stlth    ++++++++..             e - amulet of faith
HPRegen  0.27/turn              c - ring "Ecwama" {rElec rF+ rN+ rCorr Str+6}
MPRegen  0.17/turn              u - ring "Wuzolen" {+Blink rPois Str+6 Dex+3, =R}

@: hasted (expiring), very quick
A: very small, claws 1, fangs 3, see invisible, speed 1, shaggy fur 3, stealthy
paws, no weapons or thrown items, no armour, multi-lived
}: 2/15 runes: decaying, gossamer
a: Renounce Religion, Evoke Blink, Berserk, Trog's Hand, Brothers in Arms


You were on level 5 of the Vaults.
You worshipped Trog.
Trog was extremely pleased with you.
You visited 7 branches of the dungeon, and saw 40 of its levels.
You also visited: Sewer and Ice Cave.

You collected 5150 gold pieces.
You spent 4609 gold pieces at shops.

Inventory:

Jewellery
 c - the ring "Ecwama" (left paw) {rElec rF+ rN+ rCorr Str+6}
   (You bought it in a shop on level 1 of the Depths)

   [ring of protection from fire]

   Str:       It affects your strength (+6).
   rF:        It protects you from fire.
   rElec:     It insulates you from electricity.
   rN:        It protects you from negative energy.
   rCorr:     It protects you from acid and corrosion.
 e - an amulet of faith (around neck)
 i - a +6 ring of dexterity
 u - the ring "Wuzolen" (right paw) {+Blink rPois Str+6 Dex+3, =R}
   (You bought it in a shop on level 2 of the Orcish Mines)

   [ring of strength]

   Str:       It affects your strength (+6).
   Dex:       It affects your dexterity (+3).
   rPois:     It protects you from poison.
   +Blink:    It lets you blink.
 H - a ring of flight
 Q - a ring of positive energy
Wands
 a - a wand of iceblast (9)
 k - a wand of flame (10)
 o - a wand of digging (8)
 t - a wand of charming (2)
 v - a wand of polymorph (20)
 N - a wand of paralysis (14)
 P - a wand of acid (11)
Scrolls
 d - 2 scrolls of vulnerability
 m - 10 scrolls of teleportation
 n - a scroll of blinking
 q - 7 scrolls of fog
 s - 3 scrolls of torment
 y - 3 scrolls of fear
 G - 3 scrolls of magic mapping
 J - a scroll of silence
 K - 2 scrolls of summoning
 L - 3 scrolls of holy word
Potions
 b - 7 potions of curing
 f - 5 potions of magic
 g - 4 potions of cancellation
 h - 5 potions of attraction
 j - 4 potions of flight
 p - 5 potions of might
 r - 3 potions of haste
 w - a potion of berserk rage
 z - 2 potions of resistance
 A - 3 potions of lignification
 M - 6 potions of ambrosia
Miscellaneous
 l - a tin of tremorstones (2/2)
 x - a piece from Xom's chessboard (15/15)
 C - a lightning rod (2/4)
 D - a phial of floods
 F - a phantom mirror
 I - a condenser vane
 O - a box of beasts


   Skills:
 - Level 20.0 Fighting
 - Level 20.0 Dodging
 - Level 20.0 Stealth
 + Level 22.0 Unarmed Combat
 - Level 18.0 Evocations


You had 19 spell levels left.
You didn't know any spells.
Your spell library contained the following spells:

 Spells                   Type           Power      Damage    Failure   Level
 Blink                    Tloc           N/A        N/A       52%         2
 Ozocubu's Armour         Ice            0%         N/A       77%         3
 Manifold Assault         Tloc           0%         N/A       100%        5
 Metabolic Englaciation   Hex/Ice        0%         N/A       100%        5
 Simulacrum               Ice/Necr       0%         N/A       100%        6
 Storm Form               Tmut/Air       0%         N/A       100%        7


Dungeon Overview and Level Annotations

Branches:
Dungeon (15/15)            Temple (0/1) D:4            Lair (6/6) D:9
  Swamp (4/4) Lair:2       Spider (4/4) Lair:4          Orc (2/2) D:12
    Elf (0/3) Orc:2        Vaults (5/5) D:14          Crypt (0/3) Vaults:3
 Depths (4/5) D:15          Sewer (visited)           IceCv (visited)
  Slime: Lair:5-6

Altars:
Ashenzari
Dithmenos
Elyvilon
Gozag
Kikubaaqudgha
Makhleb
Nemelex Xobeh
Okawaru
Ru
Sif Muna
Trog
Uskayaw
Vehumet
Wu Jian
Xom
Yredelemnul
The Shining One
Beogh
Jiyva
Lugonu

Shops:
D:1 (   D:5 (   D:14 (   D:15 =   Orc:2 (*(=   Vaults:1 =   Vaults:2 ?
Depths:1 =::

Portals:
Hell: Depths:1 Depths:3
Abyss: Depths:1 Depths:3
Pandemonium: Depths:3

Annotations:
D:10 2 transporters, nroviw's ghost, novice TrFi
D:12 Frances
D:14 Visadeix's ghost, journeyman MiBe
Lair:2 cbfl8's ghost, journeyman MiFi
Lair:6 1 runed translucent door
Swamp:2 Jorgrun
Spider:4 3 runed translucent doors, grimtooth's ghost, adept DgFE
Depths:2 exclusion: 3 doors
Depths:3 exclusion: door


Innate Abilities, Weirdness & Mutations

You have sharp claws.
You have razor-sharp teeth.
You have supernaturally acute eyesight. (SInv)
You cover ground quickly. (Speed+)
Your thick and shaggy fur keeps you warm. (AC +3, rC+)
Your paws help you pounce on unaware monsters.
You are incapable of wielding weapons or throwing items.
You cannot wear armour.
You gain extra lives every three experience levels.


Message History

A vault warden comes into view. It is wielding a +1 vorpal great sword.
The vault warden shouts!
You swap places.
You hear a shout!
The fire giant points at your deep troll and mumbles some strange words.
The bolt of fire misses you.
Your deep troll bites the vault warden but does no damage.
Your deep troll claws the vault warden but does no damage.
Your deep troll claws the vault warden.
You feel better.
Your deep troll bites the vault warden!!!
Your deep troll closely misses the vault warden.
Your deep troll claws the vault warden!!
Press: ? - help, v - describe, . - travel
Here: a deep troll (severely wounded, summoned, berserk, friendly)
The floor, spattered with blood.
The vault warden hits your deep troll with a +1 vorpal great sword!!
Your deep troll bites the vault warden.
Your deep troll claws the vault warden!!
The vault warden dies!
Trog accepts your kill.
Trog appreciates your killing of a magic user.
The fire giant gestures at your deep troll while chanting.
The bolt of fire hits your deep troll!!!
Your deep troll dies!
Your deep troll's corpse disappears in a puff of smoke!
Things that are here:
a +1 vorpal great sword; a +0 plate armour; a human corpse A yaktaur captain comes into view.
Enter note: - man these crossbows are working me Your extra speed is starting to run out.
A fire giant comes into view.
It is wielding a +2 great sword of flaming.
The fire giant shouts!
The yaktaur captain shouts!
You hear a shout!
The yaktaur captain wields a +0 arbalest.
The yaktaur captain shoots a bolt.
The bolt completely misses you.
Okay, then.
As you read the scroll of fog, it crumbles to dust.
The scroll dissolves into smoke.
The yaktaur captain shoots a bolt.
The bolt hits you!!!
You die...

*,*,**,,****,,*,,,,**,,,,*,,,**,,
*,*,*,,**,,,,,*,,,,*,,,,,,,,**,,,
*,***,**,,**,,*,,,,*,,**,,,,,**,,
*,**,,*,,##...#....#,*#.,,*,,,**,
*,**,,*,##....#....#*#..,,**,,,**
###*,,*,#..#..#c...##...,,,**,,,*
....C,,,,.....#....#....,,,,**,,,
p....,,,,,,...........#*,,,,,**,,
#############..§.....###*********
C..p.........§C§§§......,,,,,,,,,
.)............§§@.......,,,,,,,,,
########################*********


You could see a fire giant and a yaktaur captain.

Vanquished Creatures
  A juggernaut (Depths:3)
  Saint Roka (Orc:2)
  Arachne (Spider:2)
  Rupert (Lair:4)
  3 liches
  A tentacled monstrosity (Depths:4)
  A titan (Depths:3)
  3 sphinxes
  3 tengu reavers
  The ghost of Hunodd the Tortoise, an adept MiBe of Trog (Spider:3)
  Kirke (Spider:3)
  7 vault wardens
  5 frost giants
  2 fire giants
  6 ghost moths
  4 emperor scorpions
  Aizul (Swamp:1)
  Louise (Depths:1)
  An orc warlord (Vaults:4)
  An iron dragon (Depths:4)
  A war gargoyle (Vaults:4)
  14 very ugly things
  20 ironbound preservers
  14 stone giants
  A deep elf demonologist (Vaults:2)
  A deep elf annihilator (Vaults:4)
  4 bunyips
  4 entropy weavers
  10 spark wasps
  7 dire elephants
  An eleionoma (Swamp:2)
  5 ettins
  11 fire dragons
  11 yaktaur captains
  5 ice dragons
  8 great orbs of eyes
  Harold (D:7)
  14 hydras
  2 ghost crabs
  4 vault guards
  2 ogre magi
  3 spriggan air magi
  A catoblepas (Lair:2)
  A peacekeeper (Vaults:4)
  Erica (D:11)
  9 ironbound frosthearts
  7 boulder beetles
  5 two-headed ogres
  8 ironbound thunderhulks
  15 centaur warriors
  A death knight (D:15)
  2 dancing weapons (D:14)
  5 tengu warriors
  8 death yaks
  2 deep troll earth magi (Depths:3)
  8 alligators
  2 deep troll shamans (Depths:3)
  7 ironbound beastmasters
  7 spriggans
  A spriggan berserker (Depths:3)
  Sonja (D:11)
  2 iron trolls (Depths:3)
  57 deep trolls
  3 goliath frogs
  A quicksilver dragon simulacrum (Depths:2)
  A deep troll (shapeshifter) (Vaults:2)
  3 spriggan druids
  6 bog bodies
  5 swamp dragons
  4 flayed ghosts
  An obsidian statue (D:9)
  16 wizards
  7 lindwurms
  Pikel (D:8)
  4 harpies (Vaults:1)
  2 glowing orange brains
  3 deep elf pyromancers
  16 ironbound convokers
  A phantasmal warrior (Vaults:4)
  A harpy (shapeshifter) (Orc:1)
  11 orc knights
  2 orc sorcerers
  31 wolf spiders
  12 orb spiders
  A necromancer (D:15)
  62 ugly things
  3 will-o-the-wisps
  3 cyclopes
  Maurice (D:13)
  2 manticores
  7 black mambas
  10 elephants
  A moth of wrath (Spider:1)
  17 vault sentinels
  An ice statue (IceCv)
  A naga mage (D:15)
  3 molten gargoyles (Lair:6)
  6 torpor snails
  18 cane toads
  A rust devil (Depths:3)
  A freezing wraith (D:15)
  A rime drake (shapeshifter) (D:8)
  A yaktaur (shapeshifter) (D:15)
  5 rime drakes
  21 yaktaurs
  10 demonic crawlers
  2 kobold demonologists (D:14)
  4 entropy weaver simulacra (IceCv)
  9 komodo dragons
  An anaconda simulacrum (IceCv)
  2 ice devils (Lair:3)
  8 trolls
  5 tengu conjurers
  2 meliai (D:15)
  Prince Ribbit (D:7)
  12 hornets
  36 jumping spiders
  A hornet (shapeshifter) (D:10)
  16 tyrant leeches
  A merfolk (D:11)
  32 slime creatures
  28 blink frogs
  A wind drake (shapeshifter) (D:9)
  10 dream sheep
  2 shadows
  2 centaur simulacra (D:15)
  2 wraiths
  3 vampires
  67 redbacks
  44 tarantellas
  8 wyverns
  2 hogs (D:11)
  4 water elementals
  7 basilisks
  Eustachio (D:6)
  68 yaks
  5 steam dragons
  5 vampire mosquitoes
  4 death yak simulacra (IceCv)
  11 swamp worms
  A harpy simulacrum (IceCv)
  7 wargs
  2 acid dragons
  4 hell hounds (Lair:6)
  14 water moccasins
  7 swamp drakes
  8 black bears
  A sky beast (D:7)
  3 ice beasts
  A sky beast (shapeshifter) (D:7)
  2 meliai simulacra (D:15)
  35 orc warriors
  An ice beast (shapeshifter) (Depths:3)
  2 hornet zombies
  5 wolves
  8 centaurs
  3 necrophages
  11 ogres
  A lemure (D:8)
  10 kobold brigands
  20 bullfrogs
  A wyvern zombie (D:9)
  3 two-headed ogre simulacra (IceCv)
  3 scorpions
  A gnoll sergeant (D:9)
  2 cane toad simulacra (IceCv)
  A water moccasin skeleton (D:5)
  An elephant simulacrum (IceCv)
  5 killer bees (D:5)
  13 wights
  6 electric eels
  6 centaur zombies
  6 howler monkeys
  5 lava snakes (Lair:6)
  17 orc priests
  A jelly (D:8)
  3 centaur skeletons
  4 gnoll shamans (D:11)
  Ijyb (D:3)
  2 iguanas
  18 orc wizards
  8 spriggan simulacra (IceCv)
  8 troll simulacra (IceCv)
  A polar bear simulacrum (IceCv)
  11 hell rats
  A statue (D:3)
  2 wolf simulacra (IceCv)
  A howler monkey zombie (D:7)
  5 gnolls
  3 naga simulacra (IceCv)
  7 adders
  13 river rats
  2 shadow imps
  4 white imps (IceCv)
  4 ufetubi (IceCv)
  6 worms
  A dart slug (D:1)
  84 orcs
  10 endoplasms
  6 giant cockroaches
  9 goblins
  5 hobgoblins
  15 jackals
  30 kobolds
  8 quokkas
  4 ball pythons
  A bat (D:1)
  5 frilled lizards
  15 rats
1565 creatures vanquished.

Vanquished Creatures (collateral kills)
  Sojobo (Vaults:2)
  A titan (Vaults:2)
  A thorn hunter (Swamp:4)
  2 tengu reavers (Vaults:2)
  2 vault wardens
  5 emperor scorpions
  2 ironbound preservers
  5 very ugly things
  A vampire knight (Depths:3)
  2 bunyips (Swamp:1)
  2 ettins
  An ironbound thunderhulk (Vaults:2)
  A vault guard (Vaults:2)
  A ghost crab (Swamp:1)
  7 hydras
  2 ironbound frosthearts
  A dancing weapon (D:14)
  A deep troll shaman (Depths:3)
  3 deep trolls
  A glowing orange brain (Vaults:1)
  2 swamp dragons (Swamp:4)
  A wizard (Vaults:1)
  3 ironbound convokers
  3 orc knights
  A wolf spider (Spider:4)
  An oklob plant (Lair:2)
  An orb spider (Spider:2)
  2 ugly things (Vaults:1)
  3 elephants (Lair:6)
  A vault sentinel (Vaults:2)
  A yaktaur (Vaults:1)
  A komodo dragon (Lair:6)
  A meliai (D:15)
  A troll (D:9)
  A dream sheep (Lair:6)
  A spriggan (Swamp:1)
  3 redbacks (Spider:1)
  A wyvern (Lair:6)
  A hog (Spider:3)
  Grum (D:8)
  2 swamp worms
  2 water moccasins (Lair:6)
  3 orc warriors
  An orc priest (Orc:2)
  6 orcs
86 creatures vanquished.

Vanquished Creatures (others)
  A vault warden (Vaults:2)
  An orb spider (Spider:2)
  A komodo dragon (Lair:6)
  6 humans (Spider:3)
  A briar patch (Swamp:4)
  A bush (Lair:6)
  10 foxfires
  78 fungi
  214 plants
313 creatures vanquished.

Grand Total: 1964 creatures vanquished

Notes
Turn   | Place    | Note
-------+----------+-------------------------------------------
     0 | D:1      | grimtooth the Felid Berserker began the quest for the Orb.
     0 | D:1      | Reached XP level 1. HP: 10/10 MP: 2/2
   472 | D:1      | Found a faded altar of an unknown god.
   953 | D:1      | Reached XP level 2. HP: 14/14 MP: 3/3
  1063 | D:1      | Found Anoygem's Antique Weapon Boutique.
  1517 | D:2      | Reached skill level 4 in Unarmed Combat
  2123 | D:3      | Noticed Ijyb
  2128 | D:3      | Reached XP level 3. HP: 17/17 MP: 4/4
  2141 | D:3      | Killed Ijyb
  2142 | D:3      | - well that was close
  2654 | D:3      | Reached ** piety under Trog
  2682 | D:3      | Reached XP level 4. HP: 21/21 MP: 5/5
  2752 | D:3      | Reached skill level 5 in Unarmed Combat
  2877 | D:3      | - hornet zombie d3-- nemesis
  2903 | D:3      | Reached XP level 5. HP: 24/24 MP: 6/6
  2979 | D:3      | Found a radiant altar of Vehumet.
  2981 | D:3      | Noticed a charred statue
  3015 | D:3      | Reached skill level 6 in Unarmed Combat
  3241 | D:3      | You fall into a shaft and drop 2 floors!
  3241 | D:5      | Entered Level 5 of the Dungeon
  3242 | D:5      | - oh the shafting
  3269 | D:5      | Identified a scroll of acquirement
  3444 | D:4      | Found a staircase to the Ecumenical Temple.
  3538 | D:4      | Found a shadowy altar of Dithmenos.
  3604 | D:4      | Found an ornate altar of the Wu Jian Council.
  3794 | D:4      | Gained mutation: You are covered in thick fur. (AC +2)
                  | [Felid growth]
  3794 | D:4      | Reached XP level 6. HP: 24/28 MP: 7/7
  5026 | D:5      | Found Zawk's Antique Weapon Boutique.
  5074 | D:5      | Reached skill level 7 in Unarmed Combat
  5079 | D:5      | Reached XP level 7. HP: 33/33 MP: 8/8
  5193 | D:5      | Reached *** piety under Trog
  5400 | D:5      | Reached skill level 5 in Fighting
  5604 | D:5      | - bees!
  5615 | D:5      | Reached skill level 8 in Unarmed Combat
  6511 | D:5      | Found a shimmering blue altar of Sif Muna.
  6593 | D:6      | Reached XP level 8. HP: 31/38 MP: 9/9
  6736 | D:6      | Noticed Eustachio
  6774 | D:6      | Found an iron altar of Okawaru.
  6955 | D:6      | Found a white marble altar of Elyvilon.
  6993 | D:6      | - how is it very distant from everywhere
  7010 | D:6      | Found a broken altar of Ashenzari.
  7014 | D:6      | Saw a vision of the Swamp and the Spider Nest.
  7015 | D:6      | Noticed a wolf spider
  7015 | D:6      | Noticed a wolf spider
  7015 | D:6      | Noticed a will-o-the-wisp
  7040 | D:6      | Reached skill level 9 in Unarmed Combat
  7132 | D:6      | Found a glowing drain.
  7149 | Sewer    | Entered a sewer
  8117 | D:6      | Killed Eustachio
  8118 | D:6      | Reached skill level 5 in Dodging
  8118 | D:6      | Reached skill level 10 in Unarmed Combat
  8423 | D:6      | Reached XP level 9. HP: 41/41 MP: 10/10
  8980 | D:7      | Noticed Harold
  9121 | D:8      | Reached skill level 11 in Unarmed Combat
  9126 | D:8      | Reached **** piety under Trog
  9179 | D:8      | - wel this is getting busy
  9470 | D:8      | Noticed a cyclops
  9484 | D:8      | Noticed Pikel
 10034 | D:8      | Noticed Grum
 10315 | D:7      | Noticed a salamander
 10316 | D:7      | - what was i doing and how is there a salamander here
 10350 | D:7      | Noticed a harpy
 10368 | D:7      | a harpy changed into a blink frog
 10397 | D:8      | Killed Pikel
 10398 | D:8      | Reached skill level 12 in Unarmed Combat
 10398 | D:8      | Reached skill level 1 in Evocations
 10563 | D:8      | Mangled by Grum
 10564 | D:8      | Reached XP level 8. HP: -10/38 MP: 9/9
 10564 | D:8      | Reached XP level 9. HP: 41/41 MP: 10/10
 10564 | D:8      | - well that was careless
 10617 | D:8      | Killed Grum
 11062 | D:8      | Noticed a rime drake
 11062 | D:8      | a human changed into a rime drake
 11068 | D:8      | Killed a rime drake
 11413 | D:9      | Found a runed translucent door.
 11428 | D:9      | Noticed a wind drake
 11439 | D:9      | Killed a wind drake
 11605 | D:9      | Noticed a centaur warrior
 11706 | D:9      | Killed a centaur warrior
 11707 | D:9      | Reached skill level 5 in Evocations
 11707 | D:9      | Reached XP level 10. HP: 45/45 MP: 11/11
 11775 | D:9      | Found a staircase to the Lair.
 11861 | D:9      | Found a runed translucent door.
 11877 | D:9      | Found a runed translucent door.
 11894 | D:9      | Reached skill level 10 in Dodging
 11908 | D:9      | Found a runed translucent door.
 12019 | D:9      | Found an ancient bone altar of Kikubaaqudgha.
 12021 | D:9      | Found a burning altar of Makhleb.
 12180 | D:9      | Found a hide-covered altar of Uskayaw.
 12180 | D:9      | Found an opulent altar of Gozag.
 12543 | D:10     | Entered Level 10 of the Dungeon
 12628 | D:10     | Reached skill level 1 in Stealth
 12788 | D:10     | Found a transporter.
 12792 | D:10     | Found a bloodstained altar of Trog.
 12792 | D:10     | Noticed nroviw's ghost (novice TrFi)
 12803 | D:10     | Noticed a two-headed ogre
 12807 | D:10     | Noticed a two-headed ogre
 12810 | D:10     | Noticed a moth of wrath
 12815 | D:10     | Noticed a cyclops
 13001 | D:10     | Found a transporter.
 13048 | D:10     | Reached skill level 5 in Stealth
 13245 | D:10     | Noticed a two-headed ogre
 13788 | D:10     | Killed a two-headed ogre
 13791 | D:10     | Identified the +1 robe of Slovenliness {rF+ MP+9 Int+6}
 14069 | D:11     | Reached skill level 13 in Unarmed Combat
 14069 | D:11     | Reached XP level 11. HP: 43/48 MP: 12/12
 14126 | D:11     | Noticed a boulder beetle
 14172 | D:11     | Killed a boulder beetle
 14612 | D:11     | Noticed Sonja
 14682 | D:11     | Noticed Erica
 14772 | D:11     | Found an ancient bone altar of Kikubaaqudgha.
 14814 | D:11     | Noticed a two-headed ogre
 14847 | D:11     | Killed a two-headed ogre
 15049 | D:11     | Killed Sonja
 15060 | D:11     | ooh the long distance
 15078 | D:11     | Noticed a two-headed ogre
 15092 | D:11     | Killed a two-headed ogre
 15097 | D:11     | Killed Erica
 15493 | D:7      | Reached skill level 14 in Unarmed Combat
 15744 | D:7      | Killed Harold
 15803 | D:7      | Noticed Prince Ribbit
 15997 | D:7      | Killed Prince Ribbit
 15999 | D:7      | Found a sparkling altar of Nemelex Xobeh.
 16129 | D:9      | Noticed an obsidian statue
 16139 | D:9      | Acquired a manual of Fighting
 16171 | D:9      | Killed an obsidian statue
 16350 | Lair:1   | Entered Level 1 of the Lair of Beasts
 16612 | Lair:1   | Gained mutation: Your thick and shaggy fur keeps you warm.
                  | (AC +3, rC+) [Felid growth]
 16612 | Lair:1   | Reached XP level 12. HP: 32/55 MP: 13/13
 17255 | Lair:1   | Reached ***** piety under Trog
 17889 | Lair:2   | Noticed a catoblepas
 18059 | Lair:2   | Found a runed translucent door.
 18075 | Lair:2   | Noticed cbfl8's ghost (journeyman MiFi)
 18527 | Lair:2   | Noticed a four-headed hydra
 18666 | Lair:2   | Killed a catoblepas
 18863 | Lair:2   | Reached skill level 10 in Fighting
 19579 | Lair:3   | Found a frozen archway.
 19632 | IceCv    | Entered an ice cave
 21367 | IceCv    | Reached skill level 15 in Unarmed Combat
 21980 | Lair:3   | Noticed a seven-headed hydra
 22039 | Lair:3   | Reached XP level 13. HP: 63/63 MP: 14/14
 22478 | Lair:4   | Noticed Rupert
 22721 | Lair:4   | Identified the +1 cloak "Bece" {Will- Dex+8 Stlth+}
 22735 | Lair:4   | Identified the +0 pair of gloves of Pyni Fem {rElec}
 22879 | Lair:4   | Killed Rupert
 22880 | Lair:4   | Reached skill level 15 in Dodging
 22880 | Lair:4   | Reached skill level 10 in Stealth
 23479 | Lair:4   | Found a hole to the Spider Nest.
 23604 | Lair:4   | HP: 2/66 [four-headed hydra (8)]
 23604 | Lair:4   | Slain by a four-headed hydra
 23605 | Lair:4   | Reached XP level 12. HP: -4/63 MP: 13/13
 23751 | Lair:4   | Killed a four-headed hydra
 24220 | Lair:5   | Noticed a death yak
 24222 | Lair:5   | Noticed a death yak
 24577 | Lair:5   | Killed a death yak
 24578 | Lair:5   | Noticed a death yak
 24587 | Lair:5   | Killed a death yak
 24599 | Lair:5   | Killed a death yak
 25413 | Lair:6   | Entered Level 6 of the Lair of Beasts
 25430 | Lair:6   | - wow a sealed pocket
 25448 | Lair:6   | Noticed an eight-headed hydra
 25693 | Lair:5   | Reached XP level 13. HP: 56/67 MP: 14/14
 27951 | Lair:6   | Reached skill level 10 in Evocations
 28439 | Lair:6   | Found a runed translucent door.
 28440 | Lair:6   | Found a viscous altar of Jiyva.
 28442 | Lair:6   | Noticed an acid blob
 28447 | Lair:6   | Noticed an acid blob
 28450 | Lair:6   | Noticed an acid blob
 28739 | Lair:6   | Noticed a fire dragon
 28754 | Lair:6   | Found a large runed translucent door.
 28754 | Lair:6   | Found a large runed translucent door.
 28885 | Lair:6   | Reached XP level 14. HP: 65/72 MP: 15/15
 29493 | Lair:6   | Reached skill level 15 in Fighting
 30314 | Lair:2   | Found a staircase to the Swamp.
 30800 | D:11     | Reached ****** piety under Trog
 32467 | D:12     | Noticed Frances
 33125 | D:12     | Found a staircase to the Orcish Mines.
 33934 | D:12     | Acquired a +6 ring of strength
 33940 | Orc:1    | Entered Level 1 of the Orcish Mines
 34663 | Orc:2    | Entered Level 2 of the Orcish Mines
 35044 | Orc:2    | Found a staircase to the Elven Halls.
 35855 | Orc:2    | Noticed Saint Roka
 35884 | Orc:2    | Killed Saint Roka
 36413 | Orc:2    | Reached XP level 15. HP: 52/77 MP: 16/16
 36546 | Orc:2    | Found Voqirgh's Weapon Shoppe.
 36546 | Orc:2    | Found Giecikel's Jewellery Boutique.
 36589 | Orc:2    | Found Lus Qyus's Weapon Shoppe.
 36589 | Orc:2    | Found Maijozae's Assorted Antiques.
 36619 | Orc:2    | Bought a scroll labelled IMEOLO SAOMORI for 19 gold pieces
 36763 | Orc:2    | Bought the ring "Wuzolen" {+Blink rPois Str+6 Dex+3} for
                  | 1411 gold pieces
 37084 | D:13     | Noticed Maurice
 37089 | D:13     | Killed Maurice
 37310 | D:13     | Noticed Nessos
 37314 | D:13     | Noticed Nessos
 37314 | D:13     | Nessos changed into Nessos the swamp worm
 37325 | D:13     | Killed Nessos the swamp worm
 37740 | D:14     | Reached skill level 15 in Stealth
 38298 | D:14     | Found a runed translucent door.
 38299 | D:14     | Found a shimmering altar of Xom.
 38299 | D:14     | Noticed Visadeix's ghost (journeyman MiBe)
 38789 | D:14     | Found a gate to the Vaults.
 38888 | D:14     | Reached skill level 16 in Unarmed Combat
 38955 | D:14     | HP: 2/77 [yaktaur/bolt (20)]
 39381 | D:14     | Found Wyixt's Antique Weapon Emporium.
 39430 | D:14     | Found a glowing golden altar of the Shining One.
 39885 | D:15     | Entered Level 15 of the Dungeon
 39926 | D:15     | Found Umpimor's Jewellery Shop.
 40201 | D:15     | Found a bloodstained altar of Trog.
 40517 | D:15     | Found a sacrificial altar of Ru.
 41085 | D:15     | Found a staircase to the Depths.
 41816 | Spider:1 | Entered Level 1 of the Spider Nest
 42143 | Lair:4   | Reached skill level 15 in Evocations
 44039 | Spider:1 | Noticed a ghost moth
 44047 | Spider:1 | Killed a ghost moth
 44362 | Spider:2 | Noticed Arachne
 44364 | Spider:2 | Reached XP level 16. HP: 81/81 MP: 17/17
 44741 | Spider:2 | Killed Arachne
 47259 | Spider:3 | Noticed Hunodd's ghost (adept MiBe)
 47259 | Spider:3 | Found a transporter.
 47766 | Spider:4 | Entered Level 4 of the Spider Nest
 48510 | Spider:3 | Noticed Kirke
 48695 | Spider:3 | Killed Kirke
 49056 | Spider:3 | Found a transporter.
 49551 | Spider:4 | Found a runed translucent gate.
 49551 | Spider:4 | Found a runed translucent gate.
 49551 | Spider:4 | Found a runed translucent gate.
 49554 | Spider:4 | Noticed grimtooth's ghost (adept DgFE)
 51073 | Spider:4 | Reached XP level 17. HP: 68/89 MP: 1/18
 51472 | Spider:4 | Got a gossamer rune of Zot
 51737 | Swamp:1  | Entered Level 1 of the Swamp
 51921 | Swamp:1  | Noticed Aizul
 51943 | Swamp:1  | Killed Aizul
 53924 | Swamp:2  | Noticed Jorgrun
 54972 | Swamp:4  | Entered Level 4 of the Swamp
 56788 | Swamp:4  | Got a decaying rune of Zot
 57667 | Vaults:1 | Entered Level 1 of the Vaults
 57730 | Vaults:1 | Reached XP level 18. HP: 96/96 MP: 19/19
 60392 | Vaults:1 | Found Uhia's Jewellery Emporium.
 61259 | Vaults:2 | Reached skill level 17 in Unarmed Combat
 61394 | Vaults:2 | Identified the +6 arbalest of Theory {flame, rPois}
 61697 | Vaults:2 | Noticed Sojobo
 61770 | Vaults:2 | Killed Sojobo
 62022 | D:15     | Bought the ring of Zeesch {rElec Str+6 Int-2 Stlth+} for
                  | 1422 gold pieces
 62268 | Vaults:2 | Reached skill level 18 in Unarmed Combat
 62308 | Vaults:2 | Reached XP level 19. HP: 62/101 MP: 20/20
 62309 | Vaults:2 | Noticed a Brimstone Fiend
 62539 | Vaults:2 | Found Ehuxan's Magic Scroll Shoppe.
 62550 | Vaults:2 | Bought a scroll of identify for 30 gold pieces
 62550 | Vaults:2 | Bought a scroll of fear for 52 gold pieces
 62550 | Vaults:2 | Bought a scroll of blinking for 112 gold pieces
 62550 | Vaults:2 | Bought a scroll of identify for 30 gold pieces
 62550 | Vaults:2 | Bought a scroll of magic mapping for 52 gold pieces
 62750 | Vaults:2 | HP: 4/101 [titan (38)]
 63527 | Vaults:3 | Reached skill level 19 in Unarmed Combat
 63600 | Vaults:3 | Found the +4 dagger "Morg" {pain, Will+ Int+5}
 64352 | Vaults:3 | Found a staircase to the Crypt.
 64352 | Vaults:3 | Found an ancient bone altar of Kikubaaqudgha.
 64352 | Vaults:3 | Found a basalt altar of Yredelemnul.
 64580 | Vaults:3 | Reached skill level 20 in Unarmed Combat
 66242 | Vaults:4 | Reached XP level 20. HP: 105/105 MP: 21/21
 66966 | Vaults:4 | Identified the +1 scale mail of Sorcery {Will+ Str+4}
 68413 | Spider:3 | - pretty spicy looking
 68424 | Spider:3 | - effin acrobat
 68442 | Spider:3 | Killed Hunodd's ghost
 69175 | Vaults:2 | Mangled by an ironbound preserver
 69176 | Vaults:2 | Reached XP level 19. HP: -9/101 MP: 20/20
 69176 | Vaults:2 | - funny how my POV blinked a moment
 69176 | Vaults:2 | - anyway this is really not paying offf
 69499 | Depths:1 | Entered Level 1 of the Depths
 69766 | Depths:1 | Found a gateway to Hell.
 69830 | Depths:1 | Found a one-way gate to the infinite horrors of the Abyss.
 69830 | Depths:1 | Noticed Louise
 69837 | Depths:1 | Killed Louise
 69923 | Depths:1 | Blown up by a lich
 69924 | Depths:1 | Reached XP level 18. HP: -25/97 MP: 19/19
 69924 | Depths:1 | Found Abbig's Book Emporium.
 69924 | Depths:1 | Found Misiol's Jewellery Shop.
 69924 | Depths:1 | Found Nops's Book Emporium.
 69938 | Depths:1 | Bought the ring "Ecwama" {rElec rF+ rN+ rCorr Str+6} for
                  | 921 gold pieces
 69995 | Depths:1 | Killed a lich
 69996 | Depths:1 | - boy was that a miskey
 70629 | Depths:2 | Noticed a juggernaut
 70705 | Depths:2 | Noticed a bone dragon
 70781 | Depths:2 | Reached XP level 19. HP: 54/101 MP: 20/20
 70787 | Depths:2 | Found a shimmering altar of Xom.
 71911 | Depths:3 | Found a one-way gate leading to the halls of Pandemonium.
 72258 | Depths:3 | Noticed a juggernaut
 72259 | Depths:3 | Noticed a juggernaut
 72763 | Depths:3 | Reached skill level 21 in Unarmed Combat
 72815 | Depths:3 | Found a corrupted altar of Lugonu.
 73118 | Depths:3 | Killed a juggernaut
 73401 | Depths:3 | Found the +3 hat of Pondering {ponderous, Will+ MP+10
                  | Int+5}
 73487 | Depths:3 | Reached XP level 20. HP: 105/105 MP: 21/21
 74102 | Depths:4 | Noticed a juggernaut
 74139 | Depths:4 | Noticed a caustic shrike
 74139 | Depths:4 | an iron giant changed into a caustic shrike
 74141 | Depths:4 | a caustic shrike changed into an iron dragon
 74145 | Depths:4 | Noticed a caustic shrike
 74145 | Depths:4 | an iron dragon changed into a caustic shrike
 74156 | Depths:4 | a caustic shrike changed into a fenstrider witch
 74169 | Depths:4 | - i am nigh to get destroyed here
 74407 | Vaults:1 | Bought an amulet of faith for 560 gold pieces
 74610 | Vaults:5 | Entered Level 5 of the Vaults
 74635 | Vaults:5 | Reached skill level 22 in Unarmed Combat
 74646 | Vaults:5 | - uh-oh
 74649 | Vaults:5 | - i should remember to haste first
 74684 | Vaults:5 | - man these crossbows are working me
 74703 | Vaults:5 | Shot with a bolt by a yaktaur captain

Illustrated notes #........# #.##.###.# #. #.....# # ####..# #.#####..# # #........# .# #######.#### #.## #......##>..#.# #.#.##.#.....# #.#....)....# #.####@##...... #.# #.# ..#.. #.####.# ... #......# #.. ######## . Turn 2142 on D:3: - well that was close ....! ..Z. ### #.#.... ..# #.##.. #.# #....... #.# #.#.##.# #.# #.#.##.# #.# #.#.##@# #.# #.#.##.# #.# #.#.##.# ..# #......# .##### ##..#### .....######...#### .................+ .###.######...#### .###.# ##..# ..##.# ##.# #.##.# #.# Turn 2877 on D:3: - hornet zombie d3-- nemesis #.#s# #.#.. # .#..######.# #.......>.# .s...... ..... #..# #@# #.# ..# .### .. .. ##. . Turn 3242 on D:5: - oh the shafting ## #.#.#.#.## .# #.#.#.#.## .# ... #...#...## ## .. #..s#### # ### ##.##### ###...#.## #.# #......# #......... #.# #......#######.##..###. #.# #........ .....#..####. ####.######(.....# ###..$.###.. .....(....#....).# #.##.s##.. ..........######@#######.###.##.. ...............>.....y...# #[.... ..........######.#######.# #..##. ..........## #.# #.###...#. ...........# #.# #.......## .......#)#.### #.# #.####.... .###...#.#...# #.#######.# #s.## .#...###÷###.# #...s.yy..# #...# .....#.....#.# #########.# #[.#.# .....#######.# #..#. ##.. ##...≈≈≈≈≈≈≈.# #.... ## Turn 5604 on D:5: - bees! ##.#.#.#.#.#.#.#.#.#......# ....#.#.#.#.#.#.#.#.#?## ...#.#.#?#.#.#.#.#.#.#.### ....#.#.#.#.#.#.#.#......# ##.#.#<#.#.#.#.#.#(#.....# ##.#.#.#.#.#.#.#^#......# #.#.#(#.#.#.#.#.#.#.....# ###.#.#.#.#.#.#.#.#.#.#### .....#.#.#.......#.#.#.# ....#.#.#.......#.#.#.## ...Y###.##......@###### ....# #.##...........# ...## #.####.........# ##.## #.## #.........# .#..# #..# #.........# ....# ##.############# ....# #..# ....# ##(# .#..# #.# ##.## #.# ...# #.# Turn 6993 on D:6: - how is it very distant from everywhere .$................ ..$...#.#<....... #....#.....#.... +............... #............... #..J...#.#.#.##. #.....h#K#.#.# ####...#...#.## #........ . #.###...#.# . # #†# #.#@#.##.#. ....##.###.#........ .........o...o....... ......#.........#.... ......#.###.#.#.#..#. .#+#..#.###o#.#....# .....o..o......... ..........#.#....# .................... ##..........!...... ####.#.###.....>. Turn 9179 on D:8: - wel this is getting busy ###......####...###........##.. ## ###..................##.###.. .# ####.####.............###.. .# #.####...[....###....... .### ###.##..............####.. ...#####................#### #.. #....#....(N..#...##..### #.. ......@...##..##..#..## #.. ..........###.##.....# ### .......#...........#.## # ................@.....# # ............(#.....##.# # ..............##.....#### # .......#.#....##.###)...# # .......#.#....##.# #.##.##### # .....###.###(.##.# #.##.....### # ....#.##.##.#....# #..........# ....##.....# .#### #..........# ....###...## .. #..........### ....##.....##.# #.(.........## ....#.##.##.#.# #............. Turn 10316 on D:7: - what was i doing and how is there a salamander here ..#.###.#.#....#...............# .....................#..####...# ........#.#....#.....#..####...## .....................#........... ...............................## ###.#.###.....>..........###...# .....................#.#.###...# .####.##..#..........#...[.....# .# #.##..#..........#.#)###.#.# .# #..................)<....#.# ## #####.#.....@...##.#####.#.# #########.#..................### ..........................##.#### ..............#.######.##.##(.... #########.....#.# #.##.##.#### #.#.#.#.# #.##.##.# #.#.#.#.# #.##.##.# #.#.#.### #.##.##.# #.#.#.# #.##.##.# #.###.# #.##.##.# #.# #.########.##.#### Turn 10564 on D:8: - well that was careless ..# ..# ... .. .. #. ### .. #.##.. #.# #...# ..# #@## ##.# ##.## ##..# #..####..# ##..##...## ##YTgg.h.# ##F.h##)# #.o###)## ..#..# #hT# .....# ##g## .....# #..# .... .......###..# Turn 15060 on D:11: ooh the long distance ### ######## #.####.#....## #.....@......# ##...........## #..##...<..### ######.P#### #### Turn 25430 on Lair:6: - wow a sealed pocket #### ######^.# ##^.#....#### ##^.........^########### #......................## #^..^#.......#########..### ###.....^...##......y##...# ###.........|#8.#...#.8#...# #....[.......#...#s#..|#..^## #...#.#......#s..s....?#....# ##.....##...@#....©...!#©...# #........#...#...y....(#....# #...##....#..#...#.#.."#.^### #.........#..#8.#s.s#.8#...## ######....#...<.##.......##..... ##^.####..........#########..#... #..^.##......^................... #.....##..........#.......####^.. ..>..##........##............#^.. ^..#.#..#.#.###..............#... .......#.#.#....#^(.....#........ Turn 68413 on Spider:3: - pretty spicy looking #....#### .......^########### ..................## #.......#########..### ...^...##......©##...# ......|#8.#...#.8#...# .......#...#.#..|#..^## #......#.........#....# .##...©#....©ss.s#©...# ...#...#...s..Wys#....# ....#..#...#s#s.@#.^######### ....#..#8.#...#.8#...##.....## .#...<.##.......##.....#.....## ........#########..#...^#.....# ...^....................#....## ........#.......####^...#.....# .....##............#^...#.....# #.###..............#........### .#....#^(.....#.............^.# .#.........##..............#..# ..#^#..........#....^..#.#..^.# Turn 68424 on Spider:3: - effin acrobat ..## #........# #..# .## #..>.....# #[.# ## #........# #..##### # #........# #....... #........# #.[..... #################'###[####'###### .........................[......# ...................[..........[.# .........[[.....................# ...[............................# ......[.........@...............# #######'###################.....# .......[# #.....# ........# # ## #.....# ........# #..# #.....# ........# ##p.### #.....' ...<....# .Y##.T# #....(# ........# ###Y.##..# #.[...# ####''#######..# §.##. #.....# #.........'§.##..# .p #.....# #.#.....#.###T§# ### #.....# Turn 69176 on Vaults:2: - funny how my POV blinked a moment ♣♣♣♣♣#....# #.# ##..#... ♣♣...♣#....# #.# ......#.. ♣♣.∩..♣#....# #.# #####..... ♣.....♣#....# #.# #.#### ♣.∩=⌠.∩....C# #.# .########+#### ♣.....♣#....# #.# .#>........... ♣♣.∩..♣#....# #.# .#............ ##♣♣...♣#....###.# .#........###. .# ♣♣♣♣♣#....uC..# .#..........#. .# #(...###.# .#........#.#. .# ###### #@##.#........#... .# #....'........###. .# ####.#...........) .###### .#........###. ......# .#........#... ......# # # .#........#.#. .###..#.... .#..........#. .#...........######u#........###. .#.###.........§§*§.............. ...# ......§§§§§§§§§°........### ...# ##....§§§§§§§§§§C.......# Turn 69996 on Depths:1: - boy was that a miskey

#.##.# #.......#.
###.##.###########.......#.
##...............##.........
##...........?.....#....#..#.
##......###.###............#..
####......##.....##......#...#..#
.........##.##.##.##........#..#.
#........#.##...##.#..........#..
.........#.#.....#.#........#....
.................D...........+...
#...X....#.#....@#.#..D.....##..
........##.#.....#.##D.......#
...###.##.##.....##C##.###.?.#
..##.....##.......##XY...##....
.##.##.###.........###Q##.##...
.#.##...................##.#.##
.#.#.........=:).........#.#.#
.............[):.............#
.#.#..........:|.......}.#.#.#
.#.##..... ............##.#.#
.##.##.## ......###.##.##.


Turn 74169 on Depths:4: - i am nigh to get destroyed here
*,,*,,,,,**,,*,*,*,*,,**,,,,,* *,,*,,**,,**,***,***,**,,**,,*
*,,*,,,**,,*,,**,**,,*,,**,,,* *,,#.,,,,,,**,**,**,**,,,,,,,*
*,,#.p###*,,,,**,**,,,,****,,* *,,#..T..###,,,*,*,,,***,,,,,*
*,,#....T..##,,,,,,,**,,,,,,,* *,,#..####T.##,*,*,**,,****,,*
*,,*,,,,,##..#,*,*,*,,**,,,,,* *,,*,,**,,##T##*,***,**,,**,,*
*,,*,,,**,,#.@#*,**,,*,,**,,,* *,,*,,,,**,#T.#*,**,,*,**,,,,*
*,,*,,*,,*,#cC#****,,*,*,,*,,* *,,*,.......p.C....C,,,,,,,,,*
*,,,,...............,,,,,,,,,, *,,,,###############********,,
*,,,,,,,,,,,,,,,,,,,,,,,,,,,,, *,,,,,,,,,,,,,,,,,,,,,,,,,,,,,
****************************** Turn 74646 on Vaults:5: - uh-oh
*,,#....T..##,,,,,,,* *,,#..####T.##,*,*,** #..#...,,##..#,*,*,*,
#..#..##,.##)##*,***, #..#...##..#.T#*,**,, #..#....##.#T.#*,**,,
#..#..#..#.#.C####*,, #..#......p........C, #.........c..C.p....,
#....###############* #...@.......,,,,,,,,, #...........,,,,,,,,,
############********* Turn 74649 on Vaults:5: - i should remember to haste first
T..##,,,,,,,**,,,,,,,*,,,,**,,,** ##T.##,*,*,**,,****,,*,,,,**,,,,*
,##..#,*,*,*,,**,,,,,*,,,,*,,,,,, ,.##)##*,***,**,,**,,*,,,,*,,**,,
#..#.T#*,**,,*,,**,,,*,,,,*,**,,, ##.#T.#*,**,,*,**,,,,*,,.,***,,,,
.#.#.C####*,,*,*,,*,,*,..,**,,,,, ..p........C,,,,,,,,,*...,*,,,,,,
..c..C.p....,,,,,,,,,..c.,,,,**,, ####################.....,,,*****
..C.............@........,,,,,,,, ........)................,,,,,,,,
#########################******** Turn 74684 on Vaults:5: - man these crossbows
are working me

Levels and vault maps discovered:
D:1:      lightli_arrival_windingriver, layout_basic, serial_shops, shop,
          shapermc_ecumenical_altar_notcrosses
D:2:      layout_basic, serial_glass, glass_columns_b, glass_columns_a,
          glass_columns_a, glass_columns_a, glass_columns_b, glass_columns_a,
          glass_columns_c, glass_columns_a, glass_columns_b, glass_columns_a,
          glass_columns_b, glass_columns_a, glass_columns_a, glass_columns_a
D:3:      layout_loops_corners, vehumet_statue, kennysheep_generic_room_12,
          uniq_ijyb
D:4:      layout_rooms, nzn_wu_jian_contemplation, overflow_temple_1_default,
          minmay_temple_entry_water_ring
D:5:      minmay_recursive_quarters, layout_rooms,
          mainiacjoe_overflow_boulevard, serial_shops, shop, grunt_decor_cap
D:6:      kennysheep_steamy, layout_basic, grunt_ashenzari_visionary
          [grunt_ashenzari_visionary_swamp, grunt_ashenzari_visionary_spider],
          elyvilon_altar_3, okawaru_gym_becter, portal_sewer_entry_e,
          uniq_eustachio
D:7:      layout_rooms, nemelex_spade_bored_becter, hex_intersection,
          uniq_prince_ribbit1, uniq_harold
D:8:      layout_basic, serial_curves, eino_curves_03, eino_curves_02,
          kb_rosetta, uniq_grum, uniq_pikel
D:9:      layout_roguey, nicolae_overflow_hidden_temple,
          grunt_lair_entry_orc_guard_hut, chequers_serial_rivers_large_a,
          minmay_statue_crystal_thing
D:10:     layout_roguey, gammafunk_ghost_wrathful_warriors, minmay_crystal_water
D:11:     kennysheep_town, uniq_erica, uniq_sonja
D:12:     layout_irregular_city, erik_orc_1, minmay_unpleasant_kobolds,
          uniq_frances
D:13:     layout_loops_ring, uniq_nessos, uniq_maurice
D:14:     layout_rooms, erik_vaults_1, lemuel_round_altar, serial_shops,
          nicolae_shop_window_shopping, ebering_ghost_xom
D:15:     grunt_enter_depths_magical_seal, layout_loops_corners,
          lemuel_doored_altar, serial_shops, nicolae_shop_crystal,
          minmay_misc_feat_ornament, trog_hazing_becter
Lair:1:   lemuel_ratsnest, layout_chaotic_city
Lair:2:   layout_long_grid, palyth_hydra_swamp_entry,
          hellmonk_ghost_happy_afterlife
Lair:3:   layout_chaotic_city, portal_ice_cave_demonic_guard
Lair:4:   layout_big_grid, spider_nest_entry_funnel_web, st_stairs_3,
          grunt_megastairs_2, uniq_rupert
Lair:5:   layout_layer_cave, serial_bayou_shore_b
Lair:6:   cheibrodos_lair_end_hotspot, layout_concentric_octagons,
          slime_altar_2, serial_bayou_crossing
Swamp:1:  layout_basic_swamp, nicolae_swamp_fairy_circle,
          infiniplex_staircase_pool, uniq_aizul
Swamp:2:  layout_basic_swamp, serial_swamp_ruin, evilmike_swamp_ruin_house_2,
          hangedman_swamp_ruin_hall, uniq_jorgrun
Swamp:3:  layout_basic_swamp, evilmike_swamp_ruin_house_5
Swamp:4:  swamp, layout_basic_swamp, nicolae_swamp_little_tower
Spider:1: layout_spider_delve
Spider:2: layout_spider_delve, hangedman_spider_tarantella_strand, uniq_arachne
Spider:3: layout_spider_delve, gammafunk_ghost_arena,
          nicolae_spider_scorpion_nest, uniq_kirke
Spider:4: grunt_spider_rune_parallel, gammafunk_ghost_tricky_traps
Orc:1:    layout_caves, basic_altar, abandoned_shop, mines4_lemuel
Orc:2:    st_orc_town, layout_caves, special_room, uniq_saint_roka
Vaults:1: nicolae_vaults_little_squares_6, vaults_mumra_hex,
          nicolae_vaults_network_star, nicolae_vaults_alarming,
          nicolae_vaults_little_squares_4, grunt_vaults_funnel, v_misc_3,
          layout_vaults_omnigrid, serial_shops, shop
Vaults:2: vaults_standard_mumra_x, v_pattern_4,
          vaults_mumra_minichess_inversion, vaults_room_mumra_shop_pool,
          vaults_dpeg_spiral, hangedman_vaults_unwind, v_misc_3,
          nicolae_vaults_mini_display_case, ontoclasm_vaults_ring_square,
          st_check, ontoclasm_vaults_decontamination,
          grunt_vaults_hallway_short, layout_vaults_ring, uniq_sojobo
Vaults:3: grunt_vaults_swirl, ontoclasm_vaults_ring_square,
          hangedman_vaults_stitches, minmay_crypt_entry_necro_gods,
          serial_ice_g, hangedman_vaults_cutoff, v_misc_9,
          hangedman_vaults_maws, vaults_dpeg_ring, layout_vaults_chaotic_city
Vaults:4: hangedman_vaults_variations, nicolae_vaults_little_squares_5,
          hangedman_vaults_hard_town_square, nicolae_vaults_what_the_h,
          nicolae_vaults_back_hallway, hangedman_vaults_nails, v_misc_26,
          hangedman_vaults_trim, ontoclasm_vaults_ring_small,
          nicolae_vaults_windows_and_doors_thing, v_misc_14,
          nicolae_vaults_shelves_hall, vaults_room_hallway, vaults_dpeg_hooks,
          nicolae_vaults_specimen_jars, layout_vaults_omnibox
Vaults:5: uniq_mara, uniq_jory
Depths:1: layout_gridlike, nicolae_abyss_entry_one_way_or_another, hell_entry,
          minmay_misc_feat_roman, hangedman_abyss_or_decor_stabs,
          kennysheep_boxes, minmay_shop_grove
Depths:2: nicolae_whirlpool, layout_cave_shapes, grunt_mini_vestibule,
          xom_teletrap_fun, minmay_staircase_statues_hall_small
Depths:3: nzn_winding_woodlands_stair_cross [nzn_winding_woodlands_5x15_eye,
          nzn_winding_woodlands_center_lodge,
          nzn_winding_woodlands_5x15_pockets,
          nzn_winding_woodlands_5x5_open_star, nzn_winding_woodlands_5x5_three,
          nzn_winding_woodlands_5x15_twine,
          nzn_winding_woodlands_center_diamonds,
          nzn_winding_woodlands_5x15_parted], layout_gridlike,
          grunt_pan_entry_zigzag, abyss_entry_flame_altar,
          infiniplex_staircase_trident, hell_entry, grunt_tough_drop,
          serial_bayou_shore_b
Depths:4: minmay_strange_plus, layout_basic, minmay_misc_feat_diagonals,
          pf_coc_iceberg, serial_shops, shop_statue, hangedman_abyss_entry_splay

Skill      XL: |  1  2  3  4  5  6  7  8  9 10 11 12 13 14 15 16 17 18 19 20 |
---------------+-------------------------------------------------------------+-----
Unarmed Combat | 4 5 6 7 8 10 12 13 14 15 16 18 21 22 | 22.0
Fighting       | 4 5 6 7 11 14 15 17 19 20 | 20.0
Dodging        | 6 9 11 12 14 15 17 18 20 | 20.0
Evocations     | 5 6 7 10 13 15 18 16 | 18.0
Stealth        | 6 9 11 13 14 15 19 20 17 | 20.0

Action                   |  1- 3 |  4- 6 |  7- 9 | 10-12 | 13-15 | 16-18 | 19-21 || total
-------------------------+-------+-------+-------+-------+-------+-------+-------++-------
Melee: Unarmed           |    74 |   111 |   373 |   759 |  1632 |  1195 |  1020 ||  5164
       Bite              |     5 |     9 |    39 |   119 |   267 |   233 |   217 ||   889
       Punch             |     1 |     1 |    22 |    67 |   160 |   192 |   208 ||   651
Invok: Berserk           |     7 |     4 |    16 |    13 |     2 |     3 |       ||    45
       Trog's Hand       |       |       |     1 |     6 |    14 |    13 |    11 ||    45
       Brothers in Arms  |       |       |     3 |     2 |     7 |    18 |    12 ||    42
 Abil: Evoke Blink       |       |       |       |       |     7 |    28 |    11 ||    46
Evoke: Wand              |       |     9 |    13 |    29 |    20 |    54 |    25 ||   150
       Condenser vane    |       |       |       |       |     1 |     3 |     4 ||     8
       Box of beasts     |       |       |       |       |     1 |     2 |     1 ||     4
       Phantom mirror    |       |       |       |       |       |     1 |       ||     1
       Lightning rod     |       |       |       |       |       |       |     4 ||     4
       Piece from Xom's  |       |       |       |       |       |       |     2 ||     2
  Use: Scroll            |       |     5 |     9 |     8 |     6 |     8 |    13 ||    49
       Potion            |       |       |     1 |     4 |    11 |     8 |    10 ||    34
 Stab: Sleeping          |     2 |     2 |     1 |    22 |    44 |    35 |    54 ||   160
       Distracted        |       |     1 |       |     4 |    12 |    20 |    17 ||    54
       Invisible         |       |       |       |     1 |     5 |       |     8 ||    14
       Confused          |       |       |       |       |       |     1 |       ||     1
       Held in net/web   |       |       |       |       |       |     1 |       ||     1
Armor: Skin              |     2 |     1 |     5 |    14 |    28 |    44 |    21 ||   115
Dodge: Dodged            |    39 |    80 |   283 |   574 |  1305 |  1521 |   843 ||  4645
Block: Other             |       |     6 |    63 |   114 |   288 |   236 |       ||   707
       Reflection        |       |     1 |     2 |     4 |     4 |     3 |       ||    14
